 Dungeon Crawl Stone Soup version 0.29-a0-194-g6e3aafee17 (webtiles) character file.

Game seed: 13092563013598769440

7604 HeliumTrimp the Thaumaturge (level 11, -11/84 HPs)
             Began as a Djinni Fire Elementalist on Feb 22, 2022.
             Was an Initiate of Makhleb.
             Mangled by a cyan ugly thing (15 damage)
             ... on level 9 of the Dungeon.
             The game lasted 00:21:49 (11724 turns).

HeliumTrimp the Thaumaturge (DjFE)                 Turns: 11724, Time: 00:21:50

Health: -11/84     AC: 17    Str:  2    XL:     11   Next: 40%
Gold:   451        EV:  7    Int: 26    God:    Makhleb [......] SH: 14 Dex: 22

rFire   + + .      SeeInvis .   P - staff of conjuration
rCold   x . .      Faith    .   Q - +0 tower shield
rNeg    . . .      Spirit   .   r - +5 leather armour "Xietiorgh" {Str-5 Dex+7}
rPois   ∞          Reflect  .   o - +1 hat
rElec   .          Harm     .   C - +0 cloak
rCorr   .          Rampage  .   w - +2 pair of gloves
Will    +....                   (boots unavailable)
Stlth   ++........              x - amulet of the acrobat
HPRegen 0.24/turn               a - +6 ring of intelligence
MPRegen 0.00/turn               G - +4 ring of protection

@: flying
A: sickness immunity, fire resistance 2, cold vulnerability 1, float, innate
caster, HP casting, extra vitality 1
a: Renounce Religion


You were on level 9 of the Dungeon.
You worshipped Makhleb.
Makhleb was noncommittal.
You visited 2 branches of the dungeon, and saw 10 of its levels.

You collected 519 gold pieces.
You spent 68 gold pieces at shops.

Inventory:

Hand Weapons
 N - a +2 demon whip of venom
Missiles
 p - 5 curare-tipped darts
Armour
 o - a +1 hat (worn)
 r - the +5 leather armour "Xietiorgh" (worn) {Str-5 Dex+7}
   (You found it on level 3 of the Dungeon)

   Str:       It affects your strength (-5).
   Dex:       It affects your dexterity (+7).
 w - a +2 pair of gloves (worn)
 C - a +0 cloak (worn)
 K - a +2 robe of fire resistance
 Q - a +0 tower shield (worn)
 R - a +0 buckler
Magical Staves
 P - a staff of conjuration (weapon)
Jewellery
 a - a +6 ring of intelligence (left hand)
 x - an amulet of the acrobat (around neck)
 F - a ring of willpower
 G - a +4 ring of protection (right hand)
 L - a ring of see invisible
Wands
 D - a wand of iceblast (8)
 H - a wand of digging (12)
 M - a wand of paralysis (8)
Scrolls
 b - 2 scrolls of enchant weapon {unknown}
 c - a scroll of teleportation {unknown}
 d - a scroll of torment {unknown}
 g - 5 scrolls of amnesia {unknown}
 h - a scroll of acquirement {unknown}
 i - a scroll of vulnerability {unknown}
 l - 5 scrolls of fear {unknown}
 m - 2 scrolls of summoning {unknown}
 n - 5 scrolls of identify {unknown}
 q - 3 scrolls of magic mapping {unknown}
 y - 3 scrolls of immolation {unknown}
 E - 4 scrolls of blinking {unknown}
 I - a scroll of brand weapon {unknown}
 J - a scroll of fog {unknown}
Potions
 e - a potion of mutation {unknown}
 f - a potion of curing {unknown}
 j - a potion of might {unknown}
 k - a potion of resistance {unknown}
 s - a potion of flight {unknown}
 t - a potion of brilliance
 u - 2 potions of berserk rage {unknown}
 z - 2 potions of haste
 A - 2 potions of heal wounds {unknown}
 B - a potion of cancellation {unknown}
 O - a potion of lignification {unknown}


   Skills:
 - Level 9.4 Fighting
 + Level 1.6 Armour
 - Level 2.1 Dodging
 - Level 1.5 Stealth
 + Level 1.5 Shields
 - Level 10.6 Spellcasting
 * Level 2.4 Invocations
 * Level 2.3 Evocations


You had 5 spell levels left.
You knew the following spells:

 Your Spells              Type           Power      Damage    Failure   Level
a - Foxfire               Conj/Fire      100%       2x1d9     1%          1
b - Scorch                Fire           100%       2d10      3%          2
c - Conjure Flame         Conj/Fire      81%        6-21      6%          3
d - Inner Flame           Hex/Fire       62%        N/A       6%          3
e - Flame Wave            Conj/Fire      81%        2d14      19%         4
f - Apportation           Tloc           100%       N/A       1%          1
g - Passwall              Tmut/Erth      51%        N/A       3%          2
h - Poisonous Vapours     Pois/Air       100%       N/A       3%          2
i - Confusing Touch       Hex            62%        N/A       6%          3
j - Silence               Hex/Air        31%        N/A       47%         5
Your spell library was empty.

Dungeon Overview and Level Annotations

Branches:
Dungeon (9/15)             Temple (1/1) D:4            Lair (0/6) D:8
    Orc: D:9-12

Altars:
Ashenzari
Cheibriados
Dithmenos
Elyvilon
Fedhas
Gozag
Hepliaklqana
Kikubaaqudgha
Makhleb
Nemelex Xobeh
Okawaru
Ru
Sif Muna
Trog
Uskayaw
Vehumet
Wu Jian
Xom
Yredelemnul
Zin
The Shining One

Shops:
D:3 (*:(!


Innate Abilities, Weirdness & Mutations

You are immune to sickness and miasma.
You are immune to poison.
Your flesh is very heat resistant. (rF++)
You are vulnerable to cold. (rC-)
You float through the air rather than walking.
You learn spells naturally, not from books.
Your magical power is your life essence.
You have superior vitality. (+4 MHP)


Message History

Casting: Scorch (safe; 3% risk of failure)
Confirm with . or Enter, or press ? or * to list all spells.
Flames lash the basilisk.
The basilisk is burned terribly!
You kill the basilisk!
Makhleb accepts your kill.
A cyclops comes into view.
The cyan ugly thing kicks you. The cyan ugly thing shocks you!
You have turned to stone.
The cyan ugly thing kicks you. The cyan ugly thing shocks you!
The cyan ugly thing is no longer more vulnerable to fire.
The cyan ugly thing completely misses you.
The cyan ugly thing kicks you. The cyan ugly thing shocks you!
The cyan ugly thing kicks you! The cyan ugly thing shocks you!
The cyan ugly thing kicks you but does no damage.
The cyan ugly thing kicks you! The cyan ugly thing shocks you!
The cyclops hits you but does no damage.
The cyan ugly thing kicks you but does no damage.
The cyan ugly thing kicks you!
* * * LOW HITPOINT WARNING * * *
The cyan ugly thing shocks you!
* * * LOW HITPOINT WARNING * * *
You turn to flesh and can move again.
Unknown command.
Okay, then.
Casting: Scorch (safe; 3% risk of failure)
Confirm with . or Enter, or press ? or * to list all spells.
Casting: Flame Wave (dangerous; 19% risk of failure)
Press: ? - help, Dir - look around, f - activate You feel a surge of power!
A wave of flame ripples out!
The flame wave engulfs the cyan ugly thing!
The cyan ugly thing is moderately wounded.
The flame wave engulfs the cyclops.
The cyclops is lightly wounded. (Press . to intensify the flame waves.)
* * * LOW HITPOINT WARNING * * *
You hear an angry hiss.
The cyclops barely misses you. The cyan ugly thing kicks you!
* * * LOW HITPOINT WARNING * * *
The cyan ugly thing shocks you!
You die...

....#..##.#...#.# #....#
....#.....+..##.##
#.....
....#.....#..#...#
##.####
....#.......##...##
#......
#####......[#.....# u.#
#......
#..........##.....## c##
......
#..........#.......# .#
.##..
#.........##.....C.## l#
##..
#.........#.....@u..# .#
#...
##+##....##........†##.#
#...
....#....#.#.#######.#.#
##..
...#.#..#.##.........#
#..
#..#.#.##.##.###.###.#
###
#..#...##.####.....###
#..#..##...##.......#
#.....#.#.#.##..#..##
#....###...###..#..#


You could see a cyan ugly thing and a cyclops.

Vanquished Creatures
  A two-headed ogre (D:9)
  Amaemon (D:8)
  A cyclops (D:7)
  An orange demon (D:8)
  A troll (D:9)
  2 hornets
  Prince Ribbit (D:7)
  A basilisk (D:9)
  Eustachio (D:6)
  7 yaks
  A steam dragon (D:7)
  An acid dragon (D:7)
  2 orc warriors
  3 black bears
  A sky beast (D:4)
  5 ice beasts (D:7)
  3 ogres
  A wolf (D:7)
  A phantom (D:6)
  2 kobold brigands
  Blork the orc (D:6)
  3 bullfrogs
  A scorpion (D:7)
  A water moccasin zombie (D:5)
  A wyvern skeleton (D:7)
  A hornet simulacrum (D:8)
  A water moccasin skeleton (D:5)
  13 killer bees
  4 electric eels (D:7)
  A bullfrog zombie (D:5)
  A wyvern simulacrum (D:8)
  2 centaur zombies
  A bullfrog skeleton (D:5)
  3 jellies
  2 hounds
  A centaur skeleton (D:6)
  A gnoll shaman (D:7)
  Terence (D:2)
  An iguana (D:5)
  3 orc wizards
  A killer bee zombie (D:8)
  2 centaur simulacra (D:8)
  2 hound skeletons
  A howler monkey skeleton (D:5)
  8 adders
  5 gnolls
  A shadow imp (D:7)
  3 white imps
  2 ufetubi
  A dart slug (D:5)
  10 orcs
  3 bats
  An endoplasm (D:1)
  5 giant cockroaches
  6 goblins
  3 hobgoblins
  6 jackals
  A quokka (D:4)
  2 ball pythons (D:1)
  3 frilled lizards
  30 kobolds
  14 rats
  A butterfly (D:5)
191 creatures vanquished.

Vanquished Creatures (collateral kills)
  10 foxfires
10 creatures vanquished.

Vanquished Creatures (others)
  436 foxfires
  4 fungi (D:8)
  61 plants
501 creatures vanquished.

Grand Total: 702 creatures vanquished

Notes
Turn   | Place    | Note
-------+----------+-------------------------------------------
     0 | D:1      | HeliumTrimp the Djinni Fire Elementalist began the quest
                  | for the Orb.
     0 | D:1      | Reached XP level 1. HP: 15/15 MP: 0/0
   367 | D:1      | Reached XP level 2. HP: 16/22 MP: 0/0
   865 | D:1      | Reached skill level 1 in Fighting
  1251 | D:1      | Reached XP level 3. HP: 25/27 MP: 0/0
  1251 | D:1      | Learned a level 1 spell: Apportation
  1486 | D:2      | Reached skill level 3 in Spellcasting
  1525 | D:2      | Found a faded altar of an unknown god.
  1564 | D:2      | Identified the +3 chain mail "Duthaol" {Contam *Corrode
                  | rPois SInv}
  1842 | D:2      | Noticed Terence
  1850 | D:2      | Killed Terence
  1851 | D:2      | Reached XP level 4. HP: 25/33 MP: 0/0
  2373 | D:3      | Found Putol's General Store.
  2376 | D:3      | Bought 4 curare-tipped darts for 28 gold pieces
  2411 | D:3      | Found an ornate altar of the Wu Jian Council.
  2614 | D:3      | Identified the +5 leather armour "Xietiorgh" {Str-5 Dex+7}
  2740 | D:3      | Found Unki Odd's Distillery.
  2743 | D:3      | Bought a potion of brilliance for 40 gold pieces
  2783 | D:3      | Found Uboghaarr's Weapon Emporium.
  2930 | D:3      | Found Roxoddec's Book Emporium.
  2962 | D:3      | Reached XP level 5. HP: 33/38 MP: 0/0
  2962 | D:3      | Learned a level 2 spell: Passwall
  3053 | D:3      | Found Ulige's Weapon Emporium.
  3504 | D:4      | Reached skill level 4 in Spellcasting
  3597 | D:4      | Noticed an ogre
  3610 | D:4      | Killed an ogre
  3611 | D:4      | Reached XP level 6. HP: 41/46 MP: 0/0
  3728 | D:4      | Found a staircase to the Ecumenical Temple.
  3757 | Temple   | Entered the Ecumenical Temple
  3903 | D:4      | Noticed a sky beast
  3919 | D:4      | Killed a sky beast
  4045 | D:4      | Reached XP level 7. HP: 17/51 MP: 0/0
  4045 | D:4      | Learned a level 2 spell: Poisonous Vapours
  4049 | D:4      | Reached skill level 5 in Spellcasting
  4613 | D:5      | Entered Level 5 of the Dungeon
  5125 | D:5      | Found a shimmering altar of Xom.
  5171 | D:5      | Reached XP level 8. HP: 52/58 MP: 0/0
  5339 | D:5      | Reached skill level 6 in Spellcasting
  5685 | D:5      | Reached skill level 5 in Fighting
  6140 | D:6      | Noticed Eustachio
  6148 | D:6      | Killed Eustachio
  6394 | D:6      | Found a bloodstained altar of Trog.
  6394 | D:6      | Found an iron altar of Okawaru.
  6445 | D:6      | Reached skill level 7 in Spellcasting
  6445 | D:6      | Reached XP level 9. HP: 38/66 MP: 0/0
  6445 | D:6      | Learned a level 3 spell: Confusing Touch
  6668 | D:6      | Noticed Blork the orc
  6677 | D:6      | Killed Blork the orc
  6884 | D:7      | Noticed a cyclops
  6892 | D:7      | Killed a cyclops
  7101 | D:7      | Reached skill level 8 in Spellcasting
  8069 | D:8      | Noticed Amaemon
  8087 | D:7      | Reached XP level 10. HP: 46/75 MP: 0/0
  8236 | D:8      | Noticed an orange demon
  8587 | D:7      | Reached skill level 9 in Spellcasting
  9019 | D:8      | Killed Amaemon
  9024 | D:8      | Killed an orange demon
  9399 | D:8      | Noticed Prince Ribbit
  9419 | D:7      | Killed Prince Ribbit
  9420 | D:7      | Reached skill level 10 in Spellcasting
  9832 | D:7      | Reached XP level 11. HP: 71/84 MP: 0/0
  9832 | D:7      | Learned a level 5 spell: Silence
 10330 | D:8      | Found a white marble altar of Elyvilon.
 10330 | D:8      | Found a hide-covered altar of Uskayaw.
 10332 | D:8      | Found a blossoming altar of Fedhas.
 10332 | D:8      | Found a burning altar of Makhleb.
 10334 | D:8      | Found a basalt altar of Yredelemnul.
 10335 | D:8      | Found a snail-covered altar of Cheibriados.
 10335 | D:8      | Found a hazy altar of Hepliaklqana.
 10336 | D:8      | Found a glowing golden altar of the Shining One.
 10344 | D:8      | Became a worshipper of Makhleb the Destroyer
 10709 | D:8      | Found a staircase to the Lair.
 11327 | D:9      | Noticed a two-headed ogre
 11341 | D:9      | Reached skill level 1 in Armour
 11341 | D:9      | Reached skill level 1 in Invocations
 11341 | D:9      | Reached skill level 1 in Evocations
 11341 | D:9      | Killed a two-headed ogre
 11342 | D:9      | Reached skill level 1 in Shields
 11704 | D:9      | Noticed a centaur warrior
 11704 | D:9      | Noticed a cyan ugly thing
 11715 | D:9      | Noticed a cyclops
 11724 | D:9      | HP: 4/84 [cyan ugly thing (10)]
 11724 | D:9      | Mangled by a cyan ugly thing

Illustrated notes

Levels and vault maps discovered:
D:1:      wander_arrival_estate, layout_loops_corners
D:2:      layout_loops_ring, shapermc_ecumenical_altar_acropolis, uniq_terence
D:3:      layout_loops_corners, mainiacjoe_overflow_24_doors, serial_shops,
          shop, shop, nicolae_shop_bloodbath_and_beyond, shop,
          nicolae_shop_behind_doors, grunt_decor_fettered
D:4:      kennysheep_kobold_camp, layout_loops_ring,
          minmay_temple_entry_large_hall, serial_glass, glass_columns_a,
          glass_columns_a, glass_columns_a, solitary_fountain
D:5:      layout_gridville, xom_butterflies
D:6:      layout_loops_cross, grunt_temple_overflow_bloody_war,
          uniq_blork_the_orc, uniq_eustachio
D:7:      layout_basic, chequers_big_river
D:8:      layout_basic, grunt_temple_overflow_open,
          grunt_lair_entry_orc_guard_hut, serial_ice, serial_ice_b,
          serial_ice_o, serial_ice_g, serial_ice_c, serial_ice_d, serial_ice_e,
          lightli_ossuary_entry_decrepit_ruins, uniq_prince_ribbit1,
          uniq_amaemon
D:9:      minmay_the_grid_triangle_9x9_rhombus_thin
          [minmay_the_grid_triangle_9x9_empty,
          minmay_the_grid_triangle_9x9_prize_insulated,
          minmay_the_grid_triangle_9x9_zippers_vertical,
          minmay_the_grid_triangle_9x9_dagger], layout_stronghold,
          grunt_ministairs_9
Temple:   nicolae_temple_figure_zero

Skill      XL: |  1  2  3  4  5  6  7  8  9 10 11 |
---------------+----------------------------------+-----
Fighting       | 1 2 3 4 5 7 9 |  9.4
Spellcasting   | 3 4 5 7 8 10 | 10.6
Armour         | 1 |  1.6
Invocations    | 2 |  2.4
Evocations     | 2 |  2.3
Shields        | 1 |  1.5
Dodging        | |  2.1
Stealth        | |  1.5

Action                   |  1- 3 |  4- 6 |  7- 9 | 10-12 || total
-------------------------+-------+-------+-------+-------++-------
Melee: Dagger            |    35 |       |       |       ||    35
       Hand axe          |     8 |    63 |    51 |     4 ||   126
       Punch             |       |       |     1 |       ||     1
       Demon whip        |       |       |       |    14 ||    14
 Cast: Foxfire           |    38 |    30 |   140 |    69 ||   277
       Scorch            |     2 |    16 |    33 |    96 ||   147
       Poisonous Vapours |       |       |     1 |       ||     1
       Confusing Touch   |       |       |       |     1 ||     1
       Flame Wave        |       |       |       |     1 ||     1
  Use: Potion            |       |       |       |     1 ||     1
 Stab: Sleeping          |       |     5 |       |       ||     5
Armor: Robe              |    18 |     8 |       |       ||    26
       Leather armour    |       |    25 |    78 |    86 ||   189
Dodge: Dodged            |    25 |    39 |    79 |   122 ||   265
Block: Tower shield      |       |       |       |     7 ||     7

Table legend: (Time is in decaauts)
 A = Elapsed time spent in this place.
 B = Non-inter-level travel time spent in this place.
 C = Inter-level travel time spent in this place.
 D = Time resting spent in this place.
 E = Time spent auto-exploring this place.
 F = Levels seen in this place.
 G = Mean time per level.
                   A        B        C        D        E       F      G
               +--------+--------+--------+--------+--------+-----+--------+
         Total |  11772 |  11395 |    377 |   2720 |   7121 |  10 | 1177.2 |
       Dungeon |  11648 |  11280 |    368 |   2720 |   7009 |   9 | 1294.2 |
        Temple |    123 |    114 |      9 |      0 |    112 |   1 |  123.0 |
               +--------+--------+--------+--------+--------+-----+--------+

Top non-repeatable levels by time:
     D:7: 2751 daAuts
     D:1: 1451 daAuts
     D:8: 1388 daAuts
     D:4: 1243 daAuts
     D:5: 1209 daAuts
     D:6: 966 daAuts
     D:2: 928 daAuts
     D:3: 886 daAuts
     D:9: 823 daAuts
  Temple: 123 daAuts
